 Dungeon Crawl Stone Soup version 0.14.0-12-g87ee3b7 (webtiles) character file.

290 lightblack the Shield-Bearer (level 5, 0/33 HPs)
             Began as a Gargoyle Fighter on Apr 17, 2014.
             Killed by nerve-wracking pain
             ... invoked by Grinder
              (7 damage)
             ... while paralysed by Grinder
             ... on Level 3 of the Dungeon.
             The game lasted 00:09:42 (1894 turns).

lightblack the Shield-Bearer (Gargoyle Fighter)     Turns: 1894, Time: 00:09:42

HP   0/33        AC 15     Str 20      XL: 5   Next: 45%
MP   5/5         EV  2     Int  8      God:
Gold 126         SH  0     Dex 10      Spells:  0 memorised,  4 levels left

rFire  + . .     SeeInvis .     a - +0 war axe
rCold  . . .     Clarity  .     s - +2 scale mail {rF+}
rNeg   + . .     Conserve .     c - +0 shield
rPois  +         rCorr    .     n - +0 helmet
rElec  +         rRot     +     q - +0 cloak
SustAb . .       Spirit   .     (no gloves)
rMut   .         Warding  .     (no boots)
Saprov . . .     Stasis   .     (no amulet)
MR     .....                    (no ring)
                                (no ring)

@: paralysed, not resistant to hostile enchantments, extremely unstealthy
A: life protection 1, electricity resistance, unbreathing, petrification
resistance, AC +4
a: no special abilities


You were on level 3 of the Dungeon.
You were not hungry.

You visited 1 branch of the dungeon, and saw 3 of its levels.

You collected 126 gold pieces.

Inventory:

Hand weapons
 a - a +0,+0 war axe (weapon)
 g - a +2,+1 dagger of venom
 j - a +2,+3 quarterstaff of chaos
 m - a cursed -1,+0 dagger
Missiles
 h - 49 darts
 p - 4 darts of frost (quivered)
Armour
 c - a +0 shield (worn)
 n - a +0 helmet (worn)
 q - a +0 cloak (worn)
 s - a +2 scale mail of fire resistance (worn)
Comestibles
 d - a bread ration
 l - a chunk of bat flesh
Scrolls
 b - a scroll of noise {unknown}
 i - a scroll of identify
 o - a scroll of magic mapping
 r - 2 scrolls of teleportation {unknown}
 t - a scroll of blinking {unknown}
 v - 2 scrolls of fear
Potions
 e - 2 potions of might
 f - 3 potions of heal wounds
 k - 2 potions of curing
 x - a potion of resistance


   Skills:
 + Level 3.7 Fighting
 + Level 2.2 Axes
 + Level 3.9 Armour
 * Level 1.9 Dodging
 * Level 2.0 Stealth
 + Level 4.2 Shields


You had 4 spell levels left.
You didn't know any spells.

Dungeon Overview and Level Annotations

Branches:
Dungeon (3/15)

Altars:

Annotations:
D:3 Grinder


Innate Abilities, Weirdness & Mutations

You are resistant to torment.
You are immune to poison.
You are immune to rotting.
Your stone body is very resilient (AC +4).
You resist negative energy.
You are resistant to electric shocks.
You can survive without breathing.
You are immune to petrification.


Message History

Grinder hits you. Grinder hits you. Grinder hits you but does no damage.
You can move again.
Grinder gestures at you. Pain shoots through your body!
* * * LOW HITPOINT WARNING * * *
Found 6 gold pieces.
You hit Grinder.
Grinder is moderately wounded.
You block Grinder's attack.
Your shield and scale mail prevent you from hitting Grinder.
Grinder is moderately wounded.
Grinder gestures at you.
You suddenly lose the ability to move!
Grinder gestures.
Grinder blinks!
Grinder gestures at you. Pain shoots through your body!
You die...

.#.####.#.###.###
................#
.........#.....#.#
#<#...#.#.#
#.......#.#
#.......#.##
#..........#
####.#..5#....#
.$......@>....#
#.####...##.### #
##.###.# #.# #.#
... #.# ..#. #.#
.# # ... #.


You could see Grinder.

Vanquished Creatures
  Crazy Yiuf (D:2)
  Ijyb (D:2)
  Jessica (D:2)
  Terence (D:2)
  4 adders (D:2)
  4 giant geckos
  An ooze (D:1)
  5 giant cockroaches
  8 goblins
  7 hobgoblins
  2 jackals (D:1)
  5 bats
  2 giant newts (D:1)
  5 kobolds
  7 rats
54 creatures vanquished.

Notes
Turn   | Place    | Note
--------------------------------------------------------------
     0 | D:1      | lightblack, the Gargoyle Fighter, began the quest for the Orb.
     0 | D:1      | Reached XP level 1. HP: 14/14 MP: 1/1
    82 | D:1      | Reached XP level 2. HP: 16/19 MP: 2/2
   406 | D:1      | Reached XP level 3. HP: 20/23 MP: 3/3
   909 | D:2      | Noticed Terence
   919 | D:2      | Killed Terence
   919 | D:2      | Reached skill level 1 in Dodging
  1020 | D:2      | Noticed Jessica
  1023 | D:2      | Killed Jessica
  1023 | D:2      | Reached skill level 1 in Stealth
  1023 | D:2      | Reached XP level 4. HP: 28/28 MP: 4/4
  1161 | D:2      | Noticed Ijyb
  1183 | D:2      | Killed Ijyb
  1183 | D:2      | Reached skill level 4 in Shields
  1183 | D:2      | Reached XP level 5. HP: 21/33 MP: 5/5
  1620 | D:2      | Noticed Crazy Yiuf
  1625 | D:2      | Killed Crazy Yiuf
  1841 | D:3      | Noticed Grinder
  1844 | D:3      | Paralysed by Grinder for 6 turns
  1854 | D:3      | Paralysed by Grinder for 6 turns
  1867 | D:3      | Paralysed by Grinder for 4 turns
  1874 | D:3      | Paralysed by Grinder for 5 turns
  1883 | D:3      | Paralysed by Grinder for 4 turns
  1890 | D:3      | Paralysed by Grinder for 7 turns
  1894 | D:3      | Killed from afar by Grinder

Action                   |  1- 3 |  4- 6 || total
-------------------------+-------+-------++-------
Melee: War axe           |   109 |   106 ||   215
  Use: Scroll            |     4 |       ||     4
       Potion            |       |     1 ||     1
